 Dungeon Crawl Stone Soup version 0.22.0-49-gab54619 (webtiles) character file.

3957 Fang the Cleaver (level 10, -1/94 HPs)
             Began as a Gargoyle Berserker on Sept 7, 2018.
             Was an Elder of Trog.
             Shot with an arrow by a centaur (6 damage)
             ... on level 9 of the Dungeon.
             The game lasted 00:10:48 (7860 turns).

Fang the Cleaver (Gargoyle Berserker)               Turns: 7860, Time: 00:10:48

Health: -1/94      AC: 11    Str: 28    XL:     10   Next: 21%
Magic:  10/10      EV: 14    Int: 13    God:    Trog [****..]
Gold:   260        SH:  0    Dex: 18    Spells: 9/9 levels left

rFire    + . .     SeeInvis .   t - +6 war axe "Aweacw" {chop, rPois Dex+3}
rCold    x . .     Gourm    .   (no shield)
rNeg     + + .     Faith    .   g - +0 leather armour {rF+}
rPois    ∞         Spirit   .   (no helmet)
rElec    +         Reflect  .   (no cloak)
rCorr    .         Harm     .   (no gloves)
MR       .....                  (no boots)
Stlth    ..........             (no amulet)
HPRegen  0.25/turn              h - ring of positive energy
MPRegen  0.12/turn              x - ring "Rolif" {rElec rC- Int+4 Dex+6}

@: berserking, starving, very quick
A: negative energy resistance 1, electricity resistance, unbreathing,
petrification resistance, rot immunity, AC +7
a: Berserk, Trog's Hand, Brothers in Arms, Renounce Religion


You were on level 9 of the Dungeon.
You worshipped Trog.
Trog was greatly pleased with you.
You were starving.

You visited 1 branch of the dungeon, and saw 9 of its levels.
You also visited: Sewer.

You collected 489 gold pieces.
You spent 229 gold pieces at shops.

Inventory:

Hand Weapons
 a - a +1 hand axe
 t - the +6 war axe "Aweacw" (weapon) {chop, rPois Dex+3}
   (You bought it in a shop on level 4 of the Dungeon)

   It inflicts extra damage upon your enemies.
   It affects your dexterity (+3).
   It protects you from poison.
 y - a +1 battleaxe of flaming
Armour
 f - a +0 troll leather armour {Purgy}
 g - a +0 leather armour of fire resistance (worn)
 k - +1 ice dragon scales
Jewellery
 h - a ring of positive energy (left hand)
 x - the ring "Rolif" (right hand) {rElec rC- Int+4 Dex+6}
   (You found it on level 6 of the Dungeon)

   [ring of intelligence]

   It affects your intelligence (+4).
   It affects your dexterity (+6).
   It makes you vulnerable to cold.
   It insulates you from electricity.
Wands
 o - a wand of paralysis (12)
 w - a wand of random effects (18)
 A - a wand of polymorph (14)
 B - a wand of disintegration (13)
Scrolls
 e - 2 scrolls of fog
 l - 3 scrolls of teleportation
 r - 2 scrolls of fear
 s - a scroll of enchant armour
 v - 3 scrolls of identify
 z - a scroll of remove curse
 C - a scroll of blinking
Potions
 b - 3 potions of heal wounds {unknown}
 d - 4 potions of might
 i - 9 potions of curing
 j - a potion of haste
 m - 2 potions of magic
 n - 2 potions of brilliance {unknown}
 p - 2 potions of mutation {unknown}
 q - 3 potions of flight
 u - a potion of ambrosia {unknown}
 D - a potion of cancellation {unknown}
Comestibles
 c - 15 rations


   Skills:
 + Level 7.4 Fighting
 + Level 10.0 Axes
 + Level 7.0 Armour
 + Level 4.1 Dodging
 + Level 1.7 Stealth


You had 9 spell levels left.
You didn't know any spells.
Your spell library was empty.

Dungeon Overview and Level Annotations

Branches:
Dungeon (9/15)             Temple (0/1) D:5            Lair (0/6) D:8
    Orc: D:9-12

Altars:
Ashenzari
Fedhas
Wu Jian

Shops:
D:4 *   D:6 [

Annotations:
D:6 exclusion: upstairs


Innate Abilities, Weirdness & Mutations

You are resistant to torment.
Your stone body is resilient. (AC +7)
You are immune to poison.
You resist negative energy. (rN+)
You are resistant to electric shocks. (rElec)
You can survive without breathing.
You are immune to petrification.
You are immune to rotting.


Message History

Unknown command.
You slash the two-headed ogre!
The two-headed ogre is heavily wounded.
The centaur shoots an arrow.
The arrow completely misses you. The two-headed ogre closely misses you.
The two-headed ogre barely misses you.
The centaur shoots an arrow.
The arrow hits you but does no damage.
Unknown command.
You slash the two-headed ogre!
The two-headed ogre is severely wounded.
The centaur shoots an arrow.
The arrow hits you!
Unknown command.
You closely miss the two-headed ogre.
The two-headed ogre is severely wounded.
The centaur zaps a wand.
The bolt of acid misses you.
The two-headed ogre hits you with a giant spiked club!!
* * * LOW HITPOINT WARNING * * *
The two-headed ogre hits you with a giant spiked club.
* * * LOW HITPOINT WARNING * * *
The centaur shoots an arrow.
The arrow hits you.
You die...

#....)......#
#########'### #...# ##.
#######'### ...
#.....#...# #.#
#.###.#.### ...
#...#.#...# ###'#####
#.#.#.#.#.######........
#.#.#.#.#.##.(.(@..c....
#.#.#.###.##.###O...c...
#.#.#...#.##.# #........
#.#.###.#.##.# #........
#.#...#...'..# #........
#.###)###.#### #########
#.. #.....# #######


You could see a two-headed ogre and 2 centaurs.

Vanquished Creatures
  Pikel (D:8)
  Sigmund (D:5)
  A wraith (D:6)
  A hungry ghost (D:8)
  Purgy (Sewer)
  2 black bears
  2 phantoms
  5 ogres
  3 ice beasts
  A necrophage (D:8)
  A centaur (D:7)
  5 bullfrogs
  A wyvern zombie (D:8)
  A water moccasin skeleton (D:9)
  6 killer bees (D:8)
  3 howler monkeys (D:8)
  2 crimson imps (D:7)
  A bullfrog zombie (D:8)
  A centaur zombie (D:7)
  A jelly (D:8)
  An orc priest (D:3)
  2 hounds
  2 bullfrog skeletons (D:6)
  2 iguanas (D:8)
  Ijyb (D:5)
  Terence (D:2)
  6 worker ants
  5 orc wizards
  A hound skeleton (D:5)
  2 howler monkey skeletons
  12 adders
  2 river rats (D:5)
  3 shadow imps (D:7)
  3 oozes
  An adder skeleton (D:4)
  3 dart slugs (D:1)
  6 leopard geckos
  25 orcs
  8 giant cockroaches
  12 hobgoblins
  7 jackals
  7 ball pythons
  4 bats
  10 frilled lizards
  4 goblins
  8 kobolds
  A leopard gecko zombie (D:9)
  2 rats
181 creatures vanquished.

Notes
Turn   | Place    | Note
-------+----------+-------------------------------------------
     0 | D:1      | Fang the Gargoyle Berserker began the quest for the Orb.
     0 | D:1      | Reached XP level 1. HP: 14/14 MP: 1/1
   635 | D:1      | Reached XP level 2. HP: 19/19 MP: 2/2
   645 | D:1      | Reached skill level 3 in Axes
   752 | D:1      | Reached XP level 3. HP: 24/24 MP: 3/3
  1214 | D:2      | Noticed Terence
  1236 | D:2      | Killed Terence
  1236 | D:2      | Reached XP level 4. HP: 11/29 MP: 4/4
  1499 | D:2      | Reached ** piety under Trog
  1838 | D:2      | Found a shattered altar of Ashenzari.
  1959 | D:2      | Found a blossoming altar of Fedhas.
  2203 | D:3      | Reached XP level 5. HP: 34/34 MP: 5/5
  2302 | D:3      | Reached skill level 4 in Axes
  2657 | D:4      | Reached skill level 1 in Stealth
  2657 | D:4      | Reached XP level 6. HP: 33/39 MP: 6/6
  2868 | D:4      | Found Hoah's Assorted Antiques.
  3018 | D:4      | Reached skill level 5 in Axes
  3090 | D:4      | Reached *** piety under Trog
  3168 | D:4      | Noticed a phantom
  3366 | D:4      | Killed a phantom
  3366 | D:4      | Reached skill level 5 in Fighting
  3366 | D:4      | Reached XP level 7. HP: 24/44 MP: 7/7
  3736 | D:5      | Entered Level 5 of the Dungeon
  3810 | D:5      | Found a glowing drain.
  3837 | Sewer    | Entered a sewer
  3872 | Sewer    | Noticed Purgy
  3885 | Sewer    | Killed Purgy
  4122 | D:5      | Reached skill level 6 in Axes
  4122 | D:5      | Reached XP level 8. HP: 23/50 MP: 8/8
  4587 | D:5      | Noticed Sigmund
  4601 | D:5      | Killed Sigmund
  4727 | D:5      | Found a staircase to the Ecumenical Temple.
  4760 | D:5      | Noticed Ijyb
  4778 | D:5      | Killed Ijyb
  5293 | D:6      | Found Ehemoar's Antique Armour Emporium.
  5382 | D:4      | Bought a crude war axe for 229 gold pieces
  5382 | D:4      | Identified the +6 war axe "Aweacw" {chop, rPois Dex+3} (You
                  | bought it in a shop on level 4 of the Dungeon)
  5744 | D:6      | Reached skill level 7 in Axes
  5795 | D:6      | Noticed a wraith
  5803 | D:6      | Killed a wraith
  5803 | D:6      | Reached skill level 5 in Armour
  5898 | D:6      | Got a warped pewter ring
  5899 | D:6      | Identified the ring "Rolif" {rElec rC- Int+4 Dex+6} (You
                  | found it on level 6 of the Dungeon)
  5912 | D:6      | Reached XP level 9. HP: 48/55 MP: 9/9
  6050 | D:7      | Found an ornate altar of the Wu Jian Council.
  6159 | D:7      | Reached **** piety under Trog
  6250 | D:7      | Identified 2 scrolls of acquirement
  6302 | D:7      | Reached skill level 8 in Axes
  6926 | D:8      | Noticed Pikel
  6958 | D:8      | Killed Pikel
  7018 | D:8      | Found a staircase to the Lair.
  7075 | D:8      | Reached skill level 9 in Axes
  7090 | D:8      | Received a gift from Trog
  7105 | D:8      | Reached XP level 10. HP: 58/63 MP: 10/10
  7678 | D:9      | Reached skill level 10 in Axes
  7851 | D:9      | Noticed a two-headed ogre
  7860 | D:9      | Shot with an arrow by a centaur

Skill      XL: |  1  2  3  4  5  6  7  8  9 10 |
---------------+-------------------------------+-----
Axes           | 3 4 5 6 7 9 10 | 10.0
Fighting       | 4 5 6 7 |  7.4
Dodging        | 2 3 4 |  4.1
Stealth        | 1 |  1.7
Armour         | 3 4 5 7 |  7.0

Action                   |  1- 3 |  4- 6 |  7- 9 | 10-12 || total
-------------------------+-------+-------+-------+-------++-------
Melee: Hand axe          |    84 |   334 |   212 |       ||   630
       War axe           |       |       |   119 |    76 ||   195
Invok: Berserk           |     2 |     1 |     5 |     1 ||     9
  Use: Scroll            |       |     4 |    17 |       ||    21
 Stab: Sleeping          |       |     1 |       |     1 ||     2
  Eat: Chunk             |     1 |     8 |    14 |     1 ||    24
       Ration            |       |     1 |     1 |       ||     2
Armor: Animal skin       |    26 |    17 |       |       ||    43
       Ice dragon scales |       |   137 |   197 |       ||   334
       Leather armour    |       |       |     5 |    30 ||    35
Dodge: Dodged            |    50 |   188 |   186 |    57 ||   481
